 Dungeon Crawl Stone Soup version 0.24.0-35-gdb84b6a5db (webtiles) character file.

Game seed: 17807022906362784916, levelgen mode: deterministic

6936 Curus the Spear-Bearer (level 10, 0/80 HPs)
             Began as a Minotaur Abyssal Knight on Nov 17, 2019.
             Was an Elder of Lugonu.
             Killed from afar by an orc wizard (3 damage)
             ... with a puff of frost
             ... on level 10 of the Dungeon.
             The game lasted 00:50:55 (9470 turns).

Curus the Spear-Bearer (Minotaur Abyssal Knight)    Turns: 9470, Time: 00:50:56

Health: 0/80       AC: 14    Str: 18    XL:     10   Next: 80%
Magic:  13/17      EV:  7    Int:  9    God:    Lugonu [****..]
Gold:   749        SH:  0    Dex: 14    Spells: 9/9 levels left

rFire    + . .     SeeInvis .   s - +0 trident
rCold    . . .     Gourm    .   (no shield)
rNeg     . . .     Faith    .   t - +2 chain mail {rF+}
rPois    .         Spirit   .   h - +1 hat
rElec    .         Reflect  .   (no cloak)
rCorr    .         Harm     .   (no gloves)
MR       .....                  n - +1 pair of boots
Stlth    ..........             (no amulet)
HPRegen  0.23/turn              o - +2 ring of dexterity
MPRegen  0.15/turn              z - ring of stealth

@: no status effects
A: retaliatory headbutt, horns 2
a: Depart the Abyss, Bend Space, Banish, Corrupt, Renounce Religion


You were on level 10 of the Dungeon.
You worshipped Lugonu.
Lugonu was greatly pleased with you.
You were hungry.

You visited 1 branch of the dungeon, and saw 10 of its levels.
You visited the Abyss 1 time.

You collected 749 gold pieces.

Inventory:

Hand Weapons
 a - a +1 spear
 q - a +2 spear of freezing
 s - a +0 trident (weapon)
Armour
 b - a +0 leather armour
 f - a +0 ring mail
 g - a +0 scale mail
 h - a +1 hat (worn)
 j - a +0 chain mail
 n - a +1 pair of boots (worn)
 t - a +2 chain mail of fire resistance (worn)
 x - a cursed -1 chain mail
Jewellery
 o - a +2 ring of dexterity (left hand)
 r - an uncursed ring of resist corrosion
 z - a ring of stealth (right hand)
Wands
 k - a wand of enslavement (10)
 u - a wand of random effects (25)
 w - a wand of paralysis (7)
 B - a wand of acid (5)
Scrolls
 e - 13 scrolls of identify
 i - 5 scrolls of teleportation
 l - 2 scrolls of amnesia
 m - 8 scrolls of remove curse
 p - a scroll of blinking
 y - a scroll of magic mapping
Potions
 d - 3 potions of haste
 v - 3 potions of curing
Comestibles
 c - 16 rations


   Skills:
 + Level 4.8 Fighting
 - Level 14.0 Polearms
 + Level 3.9 Armour
 - Level 1.1 Dodging
 - Level 10.9 Invocations


You had 9 spell levels left.
You didn't know any spells.
Your spell library contained the following spells:

 Spells                   Type           Power        Failure   Level  Hunger
 Animate Skeleton         Necr           N/A          99%         1    ##.....
 Apportation              Tloc           #.....       99%         1    ##.....
 Confusing Touch          Hex            #.....       99%         1    ##.....
 Flame Tongue             Conj/Fire      #....        99%         1    ##.....
 Magic Dart               Conj           #...         99%         1    ##.....
 Summon Small Mammal      Summ           #...         99%         1    ##.....
 Blink                    Tloc           N/A          100%        2    ###....
 Call Imp                 Summ           #.......     100%        2    ###....
 Slow                     Hex            #.......     100%        2    ###....
 Throw Flame              Conj/Fire      #.....       100%        2    ###....
 Confuse                  Hex            #.......     100%        3    ####...
 Conjure Flame            Conj/Fire      #.......     100%        3    ####...
 Gell's Gravitas          Tloc           #.........   100%        3    ####...
 Inner Flame              Hex/Fire       #.......     100%        3    ####...
 Mephitic Cloud           Conj/Pois/Air  #.......     100%        3    ####...
 Petrify                  Tmut/Erth      #.......     100%        4    #####..
 Sticky Flame             Conj/Fire      #.......     100%        4    #####..
 Fireball                 Conj/Fire      #.........   100%        5    ######.
 Metabolic Englaciation   Hex/Ice        #.........   100%        5    ######.
 Yara's Violent Unravell  Hex/Tmut       #.........   100%        5    ######.


Dungeon Overview and Level Annotations

Branches:
Dungeon (10/15)            Temple (0/1) D:7
   Lair: D:8-11         Orc: D:9-12

Altars:
Dithmenos
Elyvilon
Gozag
Kikubaaqudgha
Nemelex Xobeh
Okawaru
Qazlal

Shops:
D:4 [

Annotations:
D:8 1 runed translucent door, pentaxis93's ghost, novice MfSk


Innate Abilities, Weirdness & Mutations

You reflexively headbutt those who attack you in melee.
You have a pair of horns on your head.


Message History

You closely miss the orc warrior. You headbutt the orc warrior.
The orc warrior is heavily wounded.
You barely miss the orc warrior. You headbutt the orc warrior.
The orc warrior is heavily wounded.
The orc warrior hits you with a +0 war axe!!
* * * LOW HITPOINT WARNING * * *
Okay, then.
Unknown command.
Unknown command.
Unknown command.
Unknown command.
Press: ? - help, Shift-Dir - straight line, f/p - orc warrior
Aim: an orc warrior, wielding a +0 war axe and wearing a +0 plate armour (heavily wounded, covered in acid, chance to defeat MR: 87%)
The orc warrior is devoured by a tear in reality.
Lugonu claims a new guest.
You are feeling hungry.
You hear some strange, mumbled words.
A puff of frost appears from out of thin air!
The puff of frost hits you.
You die... 8

#.. ### ########## ....
..# #........# .....
..####........######o.....
..#<.[........'.@.{o.o.#
.>'.##........######{o.#
..####........# ..# ..#
#######+## ... ### #.##
#+### #..# #.# ######'##
#.# # #.......#### ##.# ##
# #.......'..###..# #.


You could see an orc wizard.

Vanquished Creatures
  Harold (D:7)
  2 trolls
  2 hippogriffs
  A spriggan (D:7)
  The ghost of Winsalot the Insei, an amateur DsTm (D:3)
  Menkaure (D:4)
  An acid dragon (D:10)
  A water moccasin (D:8)
  A sky beast (D:6)
  A black bear (D:10)
  2 ice beasts
  4 orc warriors
  A necrophage (D:8)
  3 ogres
  2 centaurs
  2 big kobolds
  8 bullfrogs
  4 scorpions
  10 wights
  3 howler monkeys
  3 crimson imps
  A quasit (D:10)
  A bullfrog zombie (D:8)
  A centaur zombie (D:4)
  17 orc wizards
  4 bullfrog skeletons
  A centaur skeleton (D:9)
  10 orc priests
  6 hounds
  2 iguanas
  4 worker ants
  Natasha (thrice) (D:3)
  2 hound zombies
  A gnoll (D:5)
  A howler monkey skeleton (D:8)
  10 adders
  2 shadow imps
  An adder skeleton (D:5)
  5 worms
  2 dart slugs
  6 leopard geckos
  35 orcs
  8 giant cockroaches
  4 hobgoblins
  6 jackals
  15 kobolds
  4 quokkas
  2 ball pythons
  8 bats
  11 frilled lizards
  8 goblins
  A jackal skeleton (D:4)
  2 leopard gecko skeletons
  7 rats
  A fungus (D:7)
246 creatures vanquished.

Vanquished Creatures (others)
  A troll (D:9)
  3 orc warriors
  8 toadstools
  2 withered plants (D:8)
14 creatures vanquished.

Grand Total: 260 creatures vanquished

Notes
Turn   | Place    | Note
-------+----------+-------------------------------------------
     0 | Abyss:1  | Curus the Minotaur Abyssal Knight began the quest for the
                  | Orb.
     0 | Abyss:1  | Reached XP level 1. HP: 19/19 MP: 1/1
    39 | Abyss:1  | Noticed a wretched star
    40 | Abyss:1  | Noticed a hell hog
    49 | Abyss:1  | Noticed a smoke demon
    51 | D:1      | Escaped the Abyss
   137 | D:1      | Reached skill level 3 in Polearms
   137 | D:1      | Reached XP level 2. HP: 14/26 MP: 2/2
   176 | D:1      | Reached * piety under Lugonu
   364 | D:1      | Reached XP level 3. HP: 28/31 MP: 4/4
   783 | D:1      | Reached ** piety under Lugonu
   871 | D:2      | Found an iron altar of Okawaru.
  1054 | D:2      | Found a stormy altar of Qazlal.
  1139 | D:2      | Reached skill level 4 in Polearms
  1304 | D:2      | Reached XP level 4. HP: 39/39 MP: 5/5
  1623 | D:3      | Noticed Natasha
  1638 | D:3      | Killed Natasha
  1643 | D:3      | Found a shadowy altar of Dithmenos.
  1698 | D:3      | Found a runed translucent gate.
  1699 | D:3      | Found a runed translucent gate.
  1699 | D:3      | Found an opulent altar of Gozag.
  1700 | D:3      | Found a runed translucent gate.
  1706 | D:3      | Noticed Winsalot's ghost (amateur DsTm)
  1744 | D:3      | Reached XP level 5. HP: 35/45 MP: 6/6
  2101 | D:3      | Noticed Natasha
  2105 | D:3      | Killed Natasha
  2105 | D:3      | Reached skill level 5 in Polearms
  2147 | D:3      | Noticed Natasha
  2153 | D:3      | Killed Natasha
  2248 | D:3      | Reached XP level 6. HP: 50/51 MP: 8/8
  2408 | D:3      | Killed Winsalot's ghost
  2408 | D:3      | Reached skill level 6 in Polearms
  2408 | D:3      | Reached skill level 5 in Invocations
  2559 | D:4      | Reached XP level 7. HP: 47/57 MP: 8/10
  2573 | D:4      | Noticed Menkaure
  2598 | D:4      | Killed Menkaure
  2598 | D:4      | Reached skill level 7 in Polearms
  3074 | D:4      | Reached *** piety under Lugonu
  3075 | D:4      | Found Ecoel's Armour Boutique.
  3260 | D:5      | Entered Level 5 of the Dungeon
  3288 | D:5      | Reached skill level 8 in Polearms
  3468 | D:5      | Reached XP level 8. HP: 64/64 MP: 12/12
  3738 | D:5      | Found a white marble altar of Elyvilon.
  3738 | D:5      | Found a sparkling altar of Nemelex Xobeh.
  3883 | D:5      | Reached skill level 9 in Polearms
  4144 | D:5      | HP: 3/64 [orc priest/divine providence (11)]
  4160 | D:5      | HP: 2/64 [bullfrog (5)]
  4489 | D:6      | Noticed a hippogriff
  4505 | D:6      | Killed a hippogriff
  4505 | D:6      | Reached skill level 10 in Polearms
  4543 | D:5      | Reached XP level 9. HP: 28/70 MP: 14/14
  5148 | D:6      | Reached **** piety under Lugonu
  5282 | D:6      | Reached skill level 11 in Polearms
  5390 | D:7      | Found a staircase to the Ecumenical Temple.
  5391 | D:7      | Noticed Harold
  5421 | D:7      | Killed Harold
  5634 | D:7      | Reached skill level 12 in Polearms
  6024 | D:8      | Reached skill level 10 in Invocations
  6104 | D:8      | Reached XP level 10. HP: 75/77 MP: 16/16
  6481 | D:8      | Found a runed translucent door.
  6481 | D:8      | Noticed pentaxis93's ghost (novice MfSk)
  6746 | D:8      | Reached skill level 13 in Polearms
  7117 | D:9      | Found an ancient bone altar of Kikubaaqudgha.
  7206 | D:9      | Reached ***** piety under Lugonu
  8463 | D:10     | Entered Level 10 of the Dungeon
  9176 | D:10     | Reached skill level 14 in Polearms
  9468 | D:10     | HP: 2/80 [orc warrior/+0 war axe (19)]
  9470 | D:10     | Killed from afar by an orc wizard

Levels and vault maps discovered:
D:1:      ldierk_walled_garden_2, layout_basic, minmay_hexomino_f4
D:2:      layout_loops_ring, nicolae_qazlal_general_emergency,
          skrybe_limestone_x, okawaru_ov_weapons_minmay
D:3:      layout_loops_ring, ebering_ghost_gozag,
          nicolae_dithmenos_shadow_blocks, uniq_natasha
D:4:      layout_rooms, serial_shops, nicolae_shop_crystal, uniq_menkaure
D:5:      layout_basic, amethyst_overflow_temple_binary, first_ration,
          minmay_pentangle
D:6:      layout_rooms, grunt_ministairs_2
D:7:      layout_cave_pools, minmay_temple_entry_offerings,
          minmay_gold_behind_fungi, the_bakery,
          minmay_a_box_with_orc_wizards_in_it, uniq_harold
D:8:      layout_gridville, gammafunk_ghost_grave
D:9:      layout_irregular_city, kiku_gazebo_garden_becter, kennysheep_dice
D:10:     layout_roguey, david_orc_4, enter_trove_3

Skill      XL: |  1  2  3  4  5  6  7  8  9 10 |
---------------+-------------------------------+-----
Invocations    | 2 3 4 5 6 8 10 | 10.9
Polearms       | 3 4 5 6 8 10 12 14 | 14.0
Fighting       | 4 |  4.8
Armour         | 3 |  3.9
Dodging        | |  1.1

Action                   |  1- 3 |  4- 6 |  7- 9 | 10-12 || total
-------------------------+-------+-------+-------+-------++-------
Melee: Spear             |   107 |   142 |   308 |       ||   557
       Headbutt          |    11 |    14 |    74 |    51 ||   150
       Trident           |       |       |   205 |   363 ||   568
Invok: Depart the Abyss  |     1 |       |       |       ||     1
       Bend Space        |       |       |     2 |       ||     2
       Banish            |       |       |     1 |     3 ||     4
Evoke: Wand              |       |       |       |     1 ||     1
  Use: Scroll            |     5 |     1 |     6 |     2 ||    14
       Potion            |     2 |     4 |     5 |       ||    11
 Stab: Invisible         |       |       |     2 |       ||     2
  Eat: Chunk             |       |     5 |    12 |     8 ||    25
       Ration            |       |       |       |     1 ||     1
Armor: Leather armour    |     9 |       |       |       ||     9
       Scale mail        |     6 |     8 |       |       ||    14
       Ring mail         |     3 |       |       |       ||     3
       Chain mail        |       |    35 |   205 |   165 ||   405
Dodge: Dodged            |    55 |    38 |   111 |    98 ||   302
